[Event "Czech Open-GM 2022"]
[Site "Pardubice"]
[Date "2022.07.26"]
[Round "5.35"]
[White "Jirasko, Miroslav"]
[Black "Strebkovs, Andrejs"]
[Result "0-1"]
[ECO "B01"]
[WhiteElo "2102"]
[BlackElo "2283"]
[Annotator "TA"]
[PlyCount "77"]
[EventDate "2022.07.22"]
[EventType "swiss"]
[EventCountry "CZE"]
[SourceTitle "playchess.com"]
[Source "ChessBase"]
[SourceQuality "1"]
[TimeControl "40/5400+30:1800+30"]

1. e4 d5 2. exd5 Qxd5 3. Nc3 Qd6 4. d4 Nf6 5. Nb5 Qb6 6. a4 {[%emt 0:05:31] B01: Scandinavian Defence.} (6. Nf3 {deserves consideration.}) 6... c6 {[%emt 0:01:49] [#]} 7. Na3 $146 ({Predecessor:} 7. a5 Qd8 8. Nc3 Bg4 9. Be2 Bxe2 10. Ngxe2 e6 11. Bd2 Bd6 12. O-O O-O 13. Re1 {1-0 (61) Schuls,O (2224)-Pohjala,H (2356) Puhajarve 2018}) 7... g6 8. Nc4 {[%emt 0:01:33] White is slightly better.} Qd8 9. Be2 Bg7 10. Nf3 O-O 11. O-O Na6 12. c3 Nc7 13. Bf4 Ncd5 14. Be5 Bh6 15. Ne1 Nf4 16. Bf3 N6d5 17. Nd3 f6 {[%emt 0:07:56] Hoping for ...Nxd3.} 18. Bxf4 Nxf4 19. Nxf4 Bxf4 20. Qe2 e6 21. b4 Bd7 22. Rfb1 Qc7 23. g3 Bh6 24. b5 Rae8 25. b6 axb6 26. Rxb6 e5 27. dxe5 fxe5 28. Rab1 $1 Bc8 29. Bg4 $1 Bxg4 30. Qxg4 Qf7 31. Qe2 Re7 (31... Qf3 $16 {was necessary.} 32. Qxf3 Rxf3) 32. Nd6 $18 (32. Nxe5 $2 Rxe5 $1 33. Qc2 (33. Qxe5 Qxf2+ 34. Kh1 Qf3+ 35. Kg1 Be3+) 33... Qf3 $19) 32... Qd5 {[%emt 0:04:28] [#]} 33. Qc4 $2 ({Stronger than} 33. Nxb7 Ref7 34. Rf1 (34. c4 $2 Qd4 $19) 34... Rf3 $15) (33. Ne4 $1 $18) 33... e4 (33... Bd2 $11) 34. Rxb7 $14 Re6 35. Qxd5 cxd5 36. Rd7 e3 37. fxe3 (37. f4 $5 ) 37... Bxe3+ 38. Kg2 {[%emt 0:03:23] aiming for Rbb7.} Bd2 $2 {[%emt 0:02:32] [#]} (38... Bc5 $11 {and Black is okay.} 39. Nb5 Rf2+ 40. Kh3 g5 41. Rd8+ (41. Rxd5 Be7 $11) 41... Kg7 42. Rxd5 Be7) 39. c4 {[%emt 0:00:00][%mdl 32768] Weighted Error Value: White=0.20 (precise) /Black=0.28 (precise) . Loss on time!?} (39. Rbb7 $1 $18 Bxc3 40. Nf7) 0-1

[Event "Czech Open-GM 2022"]
[Site "Pardubice"]
[Date "2022.07.26"]
[Round "5.36"]
[White "Jonsson, Gauti Pall"]
[Black "Plat, Vojtech"]
[Result "0-1"]
[ECO "B30"]
[WhiteElo "2071"]
[BlackElo "2554"]
[Annotator "TA"]
[PlyCount "54"]
[EventDate "2022.07.22"]
[EventType "swiss"]
[EventCountry "CZE"]
[SourceTitle "playchess.com"]
[Source "ChessBase"]
[SourceQuality "1"]
[TimeControl "40/5400+30:1800+30"]

1. e4 c5 2. Nf3 Nc6 3. Bc4 g6 4. O-O Bg7 5. c3 Na5 6. Be2 {[%emt 0:03:52] B27: Sicilian: 2 Nf3, unusual Black 2nd moves.} Nf6 7. e5 Nd5 8. d4 {[%emt 0:02:35] White is slightly better.} cxd4 9. Qxd4 Nc7 10. Qh4 {[%emt 0:03:04] [#]} Ne6 $146 ({Predecessor:} 10... h6 11. Re1 Nc6 12. Qg3 Ne6 13. Na3 a6 14. Nc4 b5 15. Ne3 Bb7 16. Nd5 Ncd4 17. Nxd4 Bxd5 18. Nxe6 Bxe6 {½-½ (59) Hamitevici,V (2482)-Devereaux,M (2356) La Massana 2013}) 11. Bh6 Bxh6 12. Qxh6 Qc7 13. Nbd2 Nc6 14. Nc4 ({White should play} 14. Bc4 $1) 14... b6 15. Rfd1 Ba6 16. Nd6+ exd6 $11 17. Bxa6 dxe5 18. Rd5 (18. Ng5 $11 Nxg5 19. Qxg5) 18... e4 $15 19. Ng5 {[%emt 0:04:03] [#]} Ne7 $1 20. Nxh7 $2 {[%emt 0:02:51] Loses the game.} Rxh7 $19 ({Not} 20... Nxd5 {[#]} 21. Nf6+ $1 Nxf6 22. Qxh8+ Ke7 23. Qxa8 $16) 21. Qxh7 {[%emt 0:00:09] Qh8+ is the strong threat.} Nxd5 22. Qh8+ Nf8 {[%emt 0:00:03] aiming for ...Ke7.} 23. Re1 Nf4 {[%emt 0:02:49] White must now prevent ...d5.} 24. Rxe4+ N4e6 25. g4 (25. Qd4 {keeps fighting.}) 25... Qc6 26. Rc4 (26. Bd3 $142 O-O-O 27. Qe5) 26... Qd5 27. a4 Ke7 {[%emt 0:02:17] Weighted Error Value: White=0.61/Black=0.13 (very precise)} 0-1

[Event "Czech Open-GM 2022"]
[Site "Pardubice"]
[Date "2022.07.26"]
[Round "5.37"]
[White "Finek, Vaclav"]
[Black "Gyerpal, Adrian"]
[Result "1/2-1/2"]
[ECO "D11"]
[WhiteElo "2393"]
[BlackElo "2193"]
[Annotator "TA"]
[PlyCount "106"]
[EventDate "2022.07.22"]
[EventType "swiss"]
[EventCountry "CZE"]
[SourceTitle "playchess.com"]
[Source "ChessBase"]
[SourceQuality "1"]
[TimeControl "40/5400+30:1800+30"]

1. d4 d5 2. c4 c6 3. Nf3 Nf6 4. Qc2 dxc4 5. Qxc4 Bf5 6. g3 e6 7. Bg2 Be7 8. O-O {[%emt 0:00:08] D23: Queen's Gambit Accepted: 3 Nf3 Nf6 sidelines.} O-O 9. e3 Nbd7 10. Qe2 $1 {[%emt 0:00:11] 10.Qe2 scores better than 10.Rd1.} Bg6 11. Nc3 b5 12. b3 Rc8 13. Bb2 {[%emt 0:01:48] [#]} Qa5 $146 ({Predecessor:} 13... Qb6 14. Rac1 a6 15. h3 h6 16. Ne5 Nxe5 17. dxe5 Nd5 18. Ne4 Bxe4 19. Bxe4 Qa5 {1-0 (54) Seo,J (2456)-Nemec,J (2286) Uppsala 2021}) 14. a3 Ne4 (14... Rfd8 $11) 15. b4 (15. Rfc1 $5 ) 15... Qc7 16. Ne1 (16. Rfc1 $14) 16... Ndf6 ({Black should try} 16... Nd6 $11) 17. Nd3 $14 Nxc3 18. Bxc3 Nd5 19. Rac1 Bxd3 20. Qxd3 a5 21. Bd2 axb4 22. e4 (22. Bxd5 $5 exd5 23. Bxb4 $14) 22... Nb6 23. axb4 Rfd8 24. Bc3 Nc4 25. Qe2 Ra8 26. Rfd1 Ra4 27. d5 exd5 (27... Bxb4 28. Bxb4 Rxb4 29. dxc6 $16) (27... cxd5 $11 28. exd5 e5) 28. exd5 c5 $1 29. bxc5 Bxc5 (29... Qxc5 $14 30. Rb1 Na3) 30. Be4 {[%emt 0:05:24] This bishop pair is nice.} (30. d6 $1 $16 Nxd6 31. Bxg7 $1 Kxg7 32. Qe5+ f6 33. Qxc5 (33. Rxc5 fxe5 34. Rxc7+ Kg6 $16) 33... Qxc5 34. Rxc5) 30... Qa7 {[%emt 0:05:29] [#]} ({Black should play} 30... Qe7 $14) 31. Ra1 (31. Qg4 $1 $16 g6 32. d6) 31... Rxa1 32. Rxa1 $40 {[%emt 0:00:57][%mdl 128] White attacks.} Qb6 33. Rb1 Bd4 {[%emt 0:02:15] [#]} (33... Re8 $11 {remains equal.} 34. Bxh7+ Kxh7 35. Qxe8 Bxf2+ 36. Kg2 Qg6) 34. Bxh7+ $1 $16 Kxh7 35. Qe4+ Qg6 (35... f5 $2 36. Qh4+ (36. Qxd4 Qxd4 37. Bxd4 Rxd5 $11) 36... Qh6 37. Qxd4 $18 (37. Qxd8 Bxc3 38. Qc8 Qf6 $11)) (35... Kg8 $16 36. Bxd4 Qh6) 36. Qh4+ $18 Qh6 {[%emt 0:00:04] And now ...Qxh4 would win.} 37. Qxd4 ({Inferior is} 37. Qxd8 Bxc3 38. Rxb5 Qc1+ 39. Kg2 Ne3+ 40. fxe3 Qc2+ 41. Kh3 Qf5+ 42. Kg2 Qc2+ 43. Kh3 Qf5+ 44. Kg2 Qc2+ $11) 37... Nd6 38. Bd2 Qh5 39. Bf4 {[%emt 0:01:44] White is more active.} Qf5 (39... Qe2 $16 {might work better.}) 40. Rb4 Ne8 41. Rxb5 Nf6 42. Be5 Ne4 (42... Ng4 $142 43. d6 (43. Bxg7 Re8 $15) 43... Re8) 43. Bxg7 {[%emt 0:00:00] Rb6 is the strong threat.} f6 {[%emt 0:15:42] [#]} 44. d6 $2 Qxb5 $11 {[%emt 0:02:57] The position is equal.} 45. Qxe4+ Kxg7 46. Qe7+ Kg6 47. Qxd8 {[%emt 0:00:00][%mdl 4096] Endgame KQ-KQ} Qb1+ 48. Kg2 {[%emt 0:00:00] Intending Qe8+ and mate.} Qe4+ 49. Kh3 Qf5+ $1 50. Kg2 Qe4+ 51. f3 Qc2+ 52. Kg1 Qd1+ 53. Kg2 Qc2+ {[%emt 0:00:07] Black defended with fortune.  Weighted Error Value: White=0.22 (precise) /Black=0.24 (precise)} 1/2-1/2

[Event "Czech Open-GM 2022"]
[Site "Pardubice"]
[Date "2022.07.26"]
[Round "5.38"]
[White "Mondrzycki, Bartlomiej"]
[Black "Czerw, Dawid"]
[Result "1/2-1/2"]
[ECO "A46"]
[WhiteElo "2180"]
[BlackElo "2391"]
[Annotator "TA"]
[PlyCount "56"]
[EventDate "2022.07.22"]
[EventType "swiss"]
[EventCountry "CZE"]
[SourceTitle "playchess.com"]
[Source "ChessBase"]
[SourceQuality "1"]
[TimeControl "40/5400+30:1800+30"]

1. d4 Nf6 2. Nf3 e6 3. Bg5 h6 4. Bh4 d5 5. e3 g5 6. Bg3 {[%emt 0:00:07] D03: 1 d4 d5 2 Nf3 Nf6 3 Bg5, including Torre Attack with early ...d5.} Ne4 7. Nfd2 (7. Nbd2 $11) 7... Nxg3 $15 8. hxg3 {[%emt 0:00:03] Black is slightly better.} c5 9. dxc5 {[%emt 0:12:35] [#]} Bxc5 $146 ({Predecessor:} 9... Bg7 10. c3 Qc7 11. e4 O-O 12. Be2 Rd8 13. exd5 Rxd5 14. O-O Na6 15. Bf3 Rd8 {0-1 (72) Kan,I-Antoshin,V Moscow 1955}) 10. Nb3 Be7 11. N1d2 Nc6 12. Be2 e5 13. c4 d4 14. exd4 Nxd4 15. O-O Be6 16. Nxd4 Qxd4 17. Qc2 Qd7 18. Rfd1 Qc7 19. Ne4 h5 20. Nc3 {[%emt 0:01:27] White is more active.} h4 21. g4 h3 22. Nd5 Bxd5 23. Rxd5 Bc5 ({Black should try} 23... hxg2 $14 24. Kxg2 (24. Qa4+ $2 Kf8 $19) 24... e4) 24. gxh3 Rxh3 25. Kg2 Rh6 26. Qe4 Kf8 27. Rh1 ({Stronger than} 27. Rxe5 f6 28. Rxc5 Qh2+ 29. Kf1 Qh1+ 30. Qxh1 Rxh1+ 31. Kg2 Rxa1 $17) (27. Qf5 $14) 27... Rxh1 $11 28. Kxh1 {[%emt 0:00:03] [#] aiming for Qh7.} Re8 {[%emt 0:01:08] Weighted Error Value: White=0.12 (very precise) /Black=0.09 (flawless)} (28... Rd8 $11) 1/2-1/2

[Event "Czech Open-GM 2022"]
[Site "Pardubice"]
[Date "2022.07.26"]
[Round "5.39"]
[White "Butkiewicz, Lukasz"]
[Black "Shatil, Shir"]
[Result "1-0"]
[ECO "A40"]
[WhiteElo "2370"]
[BlackElo "2185"]
[Annotator "TA"]
[PlyCount "99"]
[EventDate "2022.07.22"]
[EventType "swiss"]
[EventCountry "CZE"]
[SourceTitle "playchess.com"]
[Source "ChessBase"]
[SourceQuality "1"]
[TimeControl "40/5400+30:1800+30"]

1. d4 e6 2. g3 c5 3. Nf3 b6 4. e4 cxd4 5. Nxd4 Bb7 6. Bg2 {[%emt 0:01:04] A43: Schmid Benoni.} Nc6 7. O-O Nxd4 8. Qxd4 {[%emt 0:00:52] White is slightly better.} Nf6 9. Nc3 Bc5 10. Qd1 {[%emt 0:04:24] [#]} d5 $146 ({Predecessor:} 10... O-O 11. Kh1 Bb4 12. Bg5 Be7 13. a3 h6 14. Be3 Qc7 15. f4 Bc5 16. Bxc5 bxc5 17. g4 g5 18. fxg5 Nh7 19. gxh6 Kh8 20. Nb5 Qe5 21. Nd6 Bc6 {1-0 (21) Gucaga,A (1606)-Karpiejus,E (1442) Panevezys 2015}) 11. exd5 Nxd5 12. Ne4 Qc7 13. c4 Ne7 $1 14. Qh5 {[%emt 0:07:20] [#] Hoping for Bf4.} Nf5 ({Black should try} 14... Ng6 $14) 15. Bf4 $16 Qe7 16. Rfe1 {[%emt 0:04:04] Black must now prevent Bg5.} Bb4 17. Red1 {[%emt 0:01:05] aiming for a3. White is much more active. The black rooks are badly placed.} O-O 18. g4 (18. Ng5 $6 h6 19. Ne4 Rad8 $11) 18... Qh4 (18... g6 $2 19. Qh3 Bxe4 20. Bxe4 $18) 19. Qxh4 (19. Nf6+ $6 Qxf6 20. Bxb7 Nd4 $11) 19... Nxh4 {[%emt 0:00:05] [#]} 20. Nf6+ $1 gxf6 21. Bxb7 Rad8 22. Bc7 {[%emt 0:02:16] A strong pair of Bishops.} Rxd1+ 23. Rxd1 Bc5 24. a3 $36 {[%emt 0:04:44][%mdl 2048] Black is under strong pressure. White now steadily converts the win.} e5 (24... Be7 $16 {is a better defense.}) 25. Rd7 $18 Re8 (25... Ng6 {keeps fighting.} 26. Bd8 a5 27. Bxf6 a4) 26. Bd5 Be7 27. Bd6 Ng6 28. b4 ({But not} 28. Rxa7 $6 Bxd6 29. Bxf7+ Kf8 $18) 28... Kg7 29. c5 bxc5 30. bxc5 Nf4 31. Bc4 (31. Bxe7 Nxd5 32. Bd6 (32. Rxd5 Rxe7 33. c6 Re6 $16) 32... a6 $16) 31... Bxd6 32. cxd6 {[%emt 0:00:05][%mdl 4096] Endgame KRB-KRN} ({Not} 32. Rxf7+ Kg6 33. cxd6 Rc8 $18) 32... Ne6 (32... Rc8 {was necessary.}) 33. Rxa7 {[%emt 0:00:49] And now d7 would win.} Kg6 (33... Kf8 $142 34. Rd7 h6) 34. d7 Rd8 35. Bxe6 fxe6 {[%emt 0:00:02] KR-KR} 36. a4 Kf7 37. a5 Ke7 38. a6 {[%emt 0:00:39] Strongly threatening Rb7.} Kd6 39. Rb7 {[%emt 0:00:08] White wants to mate with a7.} Kc6 40. Kf1 h6 41. h4 (41. Ke2 $142 Ra8 42. Ke3) 41... Ra8 42. Ke2 Rd8 43. Ke3 Rg8 44. f3 f5 45. g5 h5 46. g6 {[%emt 0:00:00] White mates.} Rf8 47. g7 Ra8 48. Rb1 Kxd7 49. a7 f4+ 50. Ke4 {Weighted Error Value: White=0.07 (flawless) /Black=0.33} 1-0

[Event "Czech Open-GM 2022"]
[Site "Pardubice"]
[Date "2022.07.26"]
[Round "5.40"]
[White "Malek, Daniel"]
[Black "Brozka, Karel"]
[Result "1-0"]
[ECO "B01"]
[WhiteElo "2355"]
[BlackElo "2188"]
[Annotator "TA"]
[PlyCount "85"]
[EventDate "2022.07.22"]
[EventType "swiss"]
[EventCountry "CZE"]
[SourceTitle "playchess.com"]
[Source "ChessBase"]
[SourceQuality "1"]
[TimeControl "40/5400+30:1800+30"]

1. e4 d5 2. exd5 Qxd5 3. Nc3 Qd6 4. d4 Nf6 5. Nf3 c6 6. Be3 {[%emt 0:00:21] B01: Scandinavian Defence.} Bg4 {[%emt 0:02:19] 6...Bg4 scores better than 6...Bf5.} 7. h3 Bh5 8. g4 {[%emt 0:00:17] White is slightly better.} Bg6 9. Ne5 Nbd7 10. Qe2 Nd5 {[%emt 0:04:33] [#] aiming for ...Nxc3.} (10... Nxe5 $2 11. dxe5 Qb4 12. O-O-O $16 (12. exf6 Qxb2 13. Rb1 Qxc3+ 14. Bd2 Qxc2 $17)) 11. Nxg6 {[%emt 0:25:41] [#]} Qxg6 $146 (11... hxg6 $11 12. Bg2 e6) ({Predecessor:} 11... hxg6 12. Ne4 Qc7 13. Bd2 N7f6 14. O-O-O Nxe4 15. Qxe4 e6 16. c4 Nf6 17. Qf3 O-O-O {1-0 (31) Packroff,H (2200)-Senzacqua,F (2159) ICCF email 2015}) 12. Nxd5 $16 cxd5 13. Bg2 $36 {[%emt 0:04:18][%mdl 2048] White is really pushing.} e6 14. c4 Bb4+ 15. Kf1 O-O 16. cxd5 {[%emt 0:00:21] [#] Black must now prevent Qb5.} exd5 {[%emt 0:03:08] White stays focused until the end.} (16... Nb6 $14) 17. Bxd5 Nf6 18. Bxb7 {[%emt 0:10:09] Hoping for Qb5. A strong pair of Bishops.} Rab8 19. Qf3 Rfe8 20. Bf4 Rbd8 21. Be5 Qc2 (21... Ba5 $16 22. Rd1 Re7) 22. Kg2 $18 Qxb2 23. Rab1 ({Don't play} 23. Bxf6 $6 gxf6 24. Bc6 (24. Qxf6 Qxd4 25. Qf3 Rd6 $16) 24... Re6 $16) 23... Qc3 24. Rhc1 ({Much less strong is} 24. Bxf6 $6 gxf6 25. Bc6 (25. Qxf6 Qxd4 26. Qg5+ Kh8 $16) 25... Re7 26. Qxf6 Qxd4 27. Qg5+ Kf8 28. Qh6+ Kg8 29. Qg5+ Kf8 30. Qh6+ Kg8 31. Qg5+ $16) 24... Qxf3+ 25. Bxf3 Bd6 26. Rb7 Bxe5 27. dxe5 Rxe5 28. Rxa7 g5 (28... h5 {might work better.} 29. Rc4 Rd7 30. Ra8+ Kh7) 29. Rcc7 Rf8 30. Kg3 h6 (30... Ne4+ $142 31. Bxe4 Rxe4) 31. Re7 Rc5 32. a4 Rc3 (32... Rc1 $142 33. a5 Ra1) 33. Kg2 Rc5 (33... Ra3 $142 34. Ra6 Kg7) 34. Rec7 Re5 35. Kh2 Ne4 36. Re7 Rxe7 37. Rxe7 Nxf2 {[%emt 0:00:45][%mdl 4096] Endgame KRB-KRN} (37... Nc5 38. a5 Rd8) 38. a5 f5 39. a6 (39. Bd5+ $142 Kh8 40. a6) 39... fxg4 40. Bd5+ {[%emt 0:00:07] White mates.} Kh8 41. a7 Nxh3 42. Rb7 Rf2+ 43. Kg3 {[%emt 0:00:17] Weighted Error Value: White=0.12 (very precise) /Black=0.35} 1-0

[Event "Czech Open-GM 2022"]
[Site "Pardubice"]
[Date "2022.07.26"]
[Round "5.41"]
[White "Winter, Ondrej"]
[Black "Stauskas, Lukas"]
[Result "1/2-1/2"]
[ECO "B40"]
[WhiteElo "2168"]
[BlackElo "2348"]
[Annotator "TA"]
[PlyCount "142"]
[EventDate "2022.07.22"]
[EventType "swiss"]
[EventCountry "CZE"]
[SourceTitle "playchess.com"]
[Source "ChessBase"]
[SourceQuality "1"]
[TimeControl "40/5400+30:1800+30"]

1. e4 c5 2. Nf3 e6 3. c3 Nf6 4. e5 Nd5 5. d4 cxd4 6. cxd4 d6 7. Bc4 Be7 8. O-O O-O 9. Bxd5 exd5 10. Qb3 Nc6 11. exd6 Qxd6 12. Nc3 Rd8 {[%emt 0:02:35] [#] B22: Sicilian: 2 c3.} 13. Re1 $146 ({Predecessor:} 13. Nb5 Qb4 14. Nc7 Qxb3 15. axb3 Rb8 16. Bf4 a6 17. Rfc1 Bd6 18. Nxd5 Be6 19. Bxd6 Rxd6 20. Nf4 Bxb3 {0-1 (43) Matushchak,N (1933)-Oganian,M (2441) Sochi 2021}) 13... Be6 14. Nb5 Qd7 {[%emt 0:02:42] Black is slightly better.} 15. Bf4 Rdc8 {[%emt 0:24:01] Inhibits Nc7.} 16. Ne5 Qd8 17. Rac1 a6 18. Nxc6 bxc6 19. Nc3 c5 20. Ne2 Qa5 21. dxc5 Bxc5 22. Be5 Bf8 {[%emt 0:01:11][%cal Od5d4] A strong pair of Bishops.} 23. Nd4 (23. Bc3 $5 Qb5 24. Nd4 Qxb3 25. axb3 $11) 23... Rxc1 24. Rxc1 Rc8 25. Rd1 Bg4 26. f3 Bd7 27. Rf1 (27. Qb7 $11 Re8 28. Bg3 (28. Qxd7 Rxe5 29. Kf1 Qxa2 $17)) 27... Qc5 (27... Rc4 $17 28. Qd3 Qxa2) 28. Rd1 $1 $11 Bb5 {[%emt 0:01:16] [#] And now ...Be2 would win.} 29. Kh1 Bc4 30. Qa4 a5 31. h3 Qb4 (31... Qb6 $11 {keeps the balance.}) 32. Qxb4 {[%emt 0:00:31] White is more active.} ({White has to play} 32. Qd7 $16 Ra8 33. b3) 32... axb4 33. b3 Ba6 34. Nf5 Rd8 35. Ne3 Bb7 36. Bd4 Rc8 37. Bb2 Ra8 38. Nxd5 (38. Ra1 $1 $11) 38... Rxa2 $19 39. Be5 (39. Bc1 $17) 39... f6 $2 (39... Ra5 $19 40. Nxb4 Rxe5) 40. Bf4 $1 $11 Rb2 41. Nxb4 Bxf3 $1 ({Of course not} 41... Bxb4 42. Rd8+ Bf8 43. Bd6 $11) 42. gxf3 {[%emt 0:02:54] [#] Strongly threatening Nd5.} Bxb4 {[%emt 0:00:07][%mdl 4096] Endgame KRB-KRB} 43. Rd8+ Kf7 44. Rd7+ Kg6 45. Rb7 Bc3 46. Bg3 {[%emt 0:04:46] Against Rf2} h5 47. Kg1 Kh6 48. h4 g5 49. hxg5+ {[%emt 0:01:54] The position is equal.} Kxg5 50. Rg7+ Kf5 51. Rh7 Kg6 52. Rb7 Bd4+ 53. Kf1 Kf5 54. Rb5+ Kg6 55. Rb7 Kg5 56. Rg7+ Kf5 57. Rh7 Kg6 58. Rb7 Be5 59. Bxe5 fxe5 {[%emt 0:00:06] KR-KR} 60. Rb4 Kg5 61. Re4 Kf5 62. b4 Rd2 63. Rh4 Kg5 64. Re4 h4 65. Rxe5+ Kf4 66. Re1 Rb2 (66... h3 $5 67. Kg1 Rg2+ 68. Kh1 Rb2 $11) 67. Kg1 Rxb4 68. Re4+ Rxe4 69. fxe4 Kxe4 70. Kh2 h3 71. Kxh3 Ke5 {Weighted Error Value: White=0.21 (precise) /Black=0.25 (precise)} 1/2-1/2

[Event "Czech Open-GM 2022"]
[Site "Pardubice"]
[Date "2022.07.26"]
[Round "5.42"]
[White "Zaehringer, Daniel"]
[Black "Claridge-Hansen, William"]
[Result "1/2-1/2"]
[ECO "A57"]
[WhiteElo "2166"]
[BlackElo "2345"]
[Annotator "TA"]
[PlyCount "90"]
[EventDate "2022.07.22"]
[EventType "swiss"]
[EventCountry "CZE"]
[SourceTitle "playchess.com"]
[Source "ChessBase"]
[SourceQuality "1"]
[TimeControl "40/5400+30:1800+30"]

1. d4 Nf6 2. c4 c5 3. d5 b5 4. cxb5 a6 5. f3 axb5 6. e4 Qa5+ 7. Bd2 b4 8. Na3 d6 9. Nc4 Qd8 {[%emt 0:00:25] 9...Qd8 was played by the boomers.} 10. a3 e6 $1 11. dxe6 {[%emt 0:01:08] A57: Benko/Volga Gambit.} Bxe6 ({Don't take} 11... d5 12. exf7+ Kxf7 13. exd5 $16 (13. Ne5+ Kg8 $16)) 12. Ne3 d5 13. exd5 Nxd5 14. Bb5+ Bd7 15. Nxd5 Bxb5 16. Bg5 $1 {[%emt 0:01:23] [#]} f6 $146 ({Predecessor:} 16... Qxg5 17. Nc7+ Ke7 18. Nxb5 Ra6 19. Kf1 Qe5 20. Qd2 Re6 21. Nh3 g6 22. Nf4 Bh6 {1-0 (35) Alvarez Fernandez,C (2365)-Dieguez Alvarez,M (2331) Mayabeque 2018}) 17. Nxf6+ gxf6 18. Qxd8+ {[%emt 0:00:08][%mdl 64] [#] Remove Defender} Kxd8 19. Bxf6+ Kc7 $1 20. Bxh8 Nd7 {[%emt 0:11:09] Inhibits Be5+.} 21. f4 {[%emt 0:18:29] Hoping for Nf3.} Bd6 22. Be5 Nxe5 23. fxe5 Bxe5 24. Rc1 (24. Rb1 $11) 24... c4 (24... Bd4 $5 25. Ne2 Bxb2 26. axb4 (26. Rxc5+ Kb6 $17) 26... Bxc1 27. Nxc1 cxb4 $17) 25. axb4 Bxb2 {[%emt 0:00:27] This bishop pair is nice.} 26. Ne2 Bxc1 27. Nxc1 $15 {[%emt 0:00:06][%mdl 4096] Endgame KRB-KRN} c3 $1 {[%emt 0:00:35] Strongly threatening ...Rd8.} 28. Kf2 {[%emt 0:03:32] [#]} ({White should try} 28. h4 $1 $15) 28... Ra4 (28... Rf8+ $1 $17 29. Kg3 Bf1) 29. Re1 {[%emt 0:05:17] The position is equal.} Rxb4 30. Re3 Rb2+ 31. Ke1 Rc2 32. Ne2 Bxe2 33. Rxe2 $11 {[%emt 0:00:04] KR-KR} Rc1+ 34. Kf2 Kd6 {[%emt 0:01:07] Threatens to win with ...Kc5.} 35. Ke3 Kc5 36. Kd3 Kb4 {[%emt 0:00:17] aiming for ...Kb3.} 37. Re7 Rd1+ 38. Kc2 Rd2+ 39. Kc1 h5 40. Rb7+ Kc4 41. Rc7+ Kd3 {[%emt 0:31:26] ...Rc2+ is the strong threat.} 42. Rd7+ Ke2 43. Rc7 Rd1+ 44. Kc2 {[%emt 0:00:00] White wants to mate with Re7+.} Rh1 45. h3 Kf2 {[%emt 0:00:00] Weighted Error Value: White=0.07 (flawless) /Black=0.07 (flawless)} 1/2-1/2

[Event "Czech Open-GM 2022"]
[Site "Pardubice"]
[Date "2022.07.26"]
[Round "5.43"]
[White "Bhambure, Shantanu"]
[Black "Balazs, Balint"]
[Result "1-0"]
[ECO "D31"]
[WhiteElo "2320"]
[BlackElo "2174"]
[Annotator "TA"]
[PlyCount "107"]
[EventDate "2022.07.22"]
[EventType "swiss"]
[EventCountry "CZE"]
[SourceTitle "playchess.com"]
[Source "ChessBase"]
[SourceQuality "1"]
[TimeControl "40/5400+30:1800+30"]

1. d4 d5 2. c4 e6 3. Nc3 f5 4. Nf3 Nf6 5. Bf4 c6 6. e3 Be7 7. Bd3 O-O 8. Qc2 Ne4 9. h3 Na6 {[%emt 0:04:01] A84: Dutch Defence: 2 c4 Miscellaneous.} 10. a3 {[%emt 0:01:02] [#] Prevents Nb4.} g6 $146 ({Better is} 10... Nb8) ({Predecessor:} 10... Qa5 11. O-O Bd7 12. b4 Qd8 13. Ne5 Nc7 14. c5 g5 15. Bh2 Nxc3 16. Qxc3 Be8 17. f3 {1-0 (34) Sapunov,E (2461)-Greet,A (2417) Chess.com INT 2021}) 11. O-O Bf6 {[%emt 0:07:08] White is better.} 12. b4 Nxc3 13. Qxc3 Nc7 14. Qb3 (14. c5 $142) 14... a6 (14... dxc4 $142 15. Bxc4 (15. Qxc4 Nd5 $16) 15... a5) 15. Rfc1 Ne8 16. c5 Nc7 17. a4 {[%emt 0:01:32] White is much more active. The black rooks are badly placed.} Bd7 18. Bd6 Be7 19. Bxe7 Qxe7 20. Ne5 Be8 21. Re1 Qh4 22. f4 Qh6 (22... g5 $16 {keeps fighting.}) 23. Rf1 Qh4 24. Kh2 Qf6 25. Rf3 Kh8 26. Rg1 Rd8 27. g4 Rb8 28. Qc3 Rd8 29. g5 Qe7 30. h4 Kg7 $2 (30... h5 {was necessary.} 31. gxh6 Qh7) 31. Rh3 Rb8 32. Be2 Rh8 33. Kg3 (33. h5 $142) 33... Kf8 $2 (33... h5 34. Rf1 Rg8) 34. h5 $18 Qg7 35. Rgh1 gxh5 36. Bxh5 Bxh5 37. Rxh5 Ke7 38. Qc2 Rbg8 39. Qh2 Ne8 40. Kf3 h6 41. Rxh6 Rxh6 42. Qxh6 Qxh6 43. Rxh6 {[%emt 0:00:03][%mdl 4096] Endgame KRN-KRN} Rg7 44. Kg3 {[%emt 0:00:20] [#] Threatens to win with Rh8.} Rg8 45. Kg2 Rg7 46. Rh8 Kd8 47. Kh3 {[%emt 0:00:00] Hoping for Kh4.} Ke7 48. Kh4 Kd8 49. Kh5 {[%emt 0:00:00] [#] White threatens g6 and mate.} Re7 50. g6 Kc7 51. Kg5 {[%emt 0:00:00] Intending Rh7 and mate.} b5 52. axb5 {[%emt 0:00:00] White mates.} cxb5 53. Rh7 Rg7 54. Kh6 {[%emt 0:00:00] Weighted Error Value: White=0.27 (precise) /Black=0.73} 1-0